 Dungeon Crawl Stone Soup version 0.24.1-8-ga250c9d538 (webtiles) character file.

Game seed: 17399306333765317304, levelgen mode: deterministic

981 Peloso the Covered (level 7, -6/55 HPs)
             Began as a Demonspawn Fighter on May 9, 2020.
             Was a Follower of Okawaru.
             Mangled by Pikel
             ... wielding a +0 whip of electrocution
              (16 damage)
             ... on level 5 of the Dungeon.
             The game lasted 00:10:55 (3932 turns).

Peloso the Covered (Demonspawn Fighter)             Turns: 3932, Time: 00:10:56

Health: -6/55      AC:  9    Str: 18    XL:     7   Next: 96%
Magic:  7/7        EV:  6    Int:  9    God:    Okawaru [*.....]
Gold:   144        SH:  9    Dex: 13    Spells: 6/6 levels left

rFire    + . .     SeeInvis .   b - +9 short sword of Paper {flame, rN+}
rCold    . . .     Gourm    .   c - +0 shield
rNeg     + + .     Faith    .   p - +0 chain mail
rPois    .         Spirit   .   (helmet restricted)
rElec    .         Reflect  .   (no cloak)
rCorr    +         Harm     .   (no gloves)
MR       .....                  (no boots)
Stlth    ..........             g - amulet of rage
HPRegen  0.18/turn              u - ring of the Trilobite {Wiz rF+ rN+}
MPRegen  0.10/turn              k - ring of resist corrosion

@: no status effects
A: horns 1, demonic guardian 1, spiny 1
a: Heroism, Renounce Religion, Evoke Berserk Rage


You were on level 5 of the Dungeon.
You worshipped Okawaru.
Okawaru was aware of your devotion.
You were very hungry.

You visited 1 branch of the dungeon, and saw 5 of its levels.

You collected 144 gold pieces.

Inventory:

Hand Weapons
 a - a +0 long sword
 b - the +9 short sword of Paper (weapon) {flame, rN+}
   (You found it on level 4 of the Dungeon)

   It has been specially enchanted to burn those struck by it, causing extra
   injury to most foes and up to half again as much damage against particularly
   susceptible opponents.
   It protects you from negative energy.
 x - the +9 trident of Etiyfeb {speed, rPois Dex+2 SInv, unknown}
   (You found it on level 5 of the Dungeon)

   Attacks with this weapon are significantly faster.
   It affects your dexterity (+2).
   It protects you from poison.
   It lets you see invisible.
Armour
 c - a +0 shield (worn)
 p - a +0 chain mail (worn)
Jewellery
 g - an amulet of rage (around neck)
 h - an uncursed ring of ice
 k - a ring of resist corrosion (right hand)
 u - the ring of the Trilobite (left hand) {Wiz rF+ rN+}
   (You found it on level 5 of the Dungeon)

   [ring of wizardry]

   It improves your spell success rate.
   It protects you from fire.
   It protects you from negative energy.
Scrolls
 m - 2 scrolls of magic mapping {unknown}
 n - 2 scrolls of enchant weapon {unknown}
 q - a scroll of fog {unknown}
 r - 2 scrolls of remove curse
 s - a scroll of amnesia {unknown}
 w - 3 scrolls of teleportation {unknown}
Potions
 d - 4 potions of might
 e - a potion of magic
 i - 2 potions of curing
 j - a potion of haste {unknown}
 l - a potion of brilliance {unknown}
 o - a potion of agility
 t - a potion of invisibility {unknown}
 v - a potion of ambrosia {unknown}
Comestibles
 f - 6 rations


   Skills:
 + Level 4.5 Fighting
 + Level 1.0(3.1) Short Blades
 + Level 4.7(4.8) Long Blades
 + Level 5.1 Armour
 + Level 2.0 Dodging
 + Level 0.1 Stealth
 + Level 4.5 Shields


You had 6 spell levels left.
You didn't know any spells.
Your spell library was empty.

Dungeon Overview and Level Annotations

Branches:
Dungeon (5/15)
 Temple: D:4-7

Altars:
Elyvilon
Fedhas
Gozag
Kikubaaqudgha
Nemelex Xobeh
Okawaru
Trog
Vehumet
Wu Jian
Yredelemnul
Zin
The Shining One

Annotations:
D:5 Pikel


Innate Abilities, Weirdness & Mutations

You have a pair of small horns on your head.
A weak demonic guardian rushes to your aid.
You are partially covered in sharp spines.


Message History

Pikel closely misses your quasit.
You closely miss Pikel. Your headbutt misses Pikel.
Pikel is severely wounded.
Your quasit barely misses Pikel. x2; Your quasit closely misses Pikel.
Pikel hits you but does no damage.
You are electrocuted!
Unknown command.
You closely miss Pikel.
Pikel is severely wounded.
Your quasit closely misses Pikel.
Your quasit barely misses Pikel.
Your quasit claws Pikel but does no damage.
Pikel hits you but does no damage.
You are electrocuted!
* * * LOW HITPOINT WARNING * * *
Your quasit barely misses Pikel.
Your quasit misses Pikel.
Your quasit barely misses Pikel.
Your chain mail prevents you from hitting Pikel.
Pikel is severely wounded.
Pikel hits you with a +0 whip of electrocution.
* * * LOW HITPOINT WARNING * * *
You are electrocuted!
You die...

#........#
#.#.#
#....#.###
#.#.#
#.#.##.#
#.#.#
#.#.# #
#.#.#
#.#.#
.<#.#
#.#.#
###.# #.
#.#
#####.#
#@55..#
#K#####
#p# #p#
#p# #.#
..# .##


You could see Pikel, 3 slaves, a friendly quasit and a friendly ufetubus.

Vanquished Creatures
  A wyvern (D:5)
  A slave (D:5)
  A phantom (D:4)
  A scorpion (D:5)
  3 vampire bats (D:2)
  A wight (D:5)
  3 crimson imps (D:5)
  An orc priest (D:3)
  A hound (D:4)
  An iguana (D:4)
  A worker ant (D:4)
  9 adders
  4 gnolls (D:5)
  An ooze (D:2)
  An adder zombie (D:5)
  3 worms
  5 dart slugs
  4 leopard geckos
  14 orcs
  A ball python (D:1)
  8 bats
  A bat skeleton (D:2)
  4 bat zombies (D:2)
  10 giant cockroaches
  7 goblins
  9 hobgoblins
  3 jackals (D:4)
  3 frilled lizards
  A jackal skeleton (D:4)
  10 kobolds
  A quokka skeleton (D:5)
  10 rats
124 creatures vanquished.

Vanquished Creatures (collateral kills)
  Eustachio (D:4)
  A hound (D:5)
  A worker ant (D:4)
  An adder (D:3)
  A shadow imp (D:5)
  2 orcs
7 creatures vanquished.

Grand Total: 131 creatures vanquished

Notes
Turn   | Place    | Note
-------+----------+-------------------------------------------
     0 | D:1      | Peloso the Demonspawn Fighter began the quest for the Orb.
     0 | D:1      | Reached XP level 1. HP: 18/18 MP: 1/1
   129 | D:1      | Gained mutation: A weak demonic guardian rushes to your
                  | aid. [demonic ancestry]
   129 | D:1      | Reached XP level 2. HP: 18/24 MP: 2/2
   566 | D:1      | Gained mutation: You are partially covered in sharp spines.
                  | [demonic ancestry]
   566 | D:1      | Reached XP level 3. HP: 29/29 MP: 3/3
   826 | D:2      | Reached skill level 1 in Dodging
   845 | D:2      | Found an ancient bone altar of Kikubaaqudgha.
   851 | D:2      | Reached skill level 3 in Armour
   851 | D:2      | Gained mutation: You have a pair of small horns on your
                  | head. [demonic ancestry]
   851 | D:2      | Reached XP level 4. HP: 20/35 MP: 4/4
   858 | D:2      | Reached XP level 5. HP: 14/41 MP: 5/5
  1526 | D:2      | Found a glowing golden altar of the Shining One.
  1526 | D:2      | Found a white marble altar of Elyvilon.
  1526 | D:2      | Found a glowing silver altar of Zin.
  1660 | D:3      | Found a radiant altar of Vehumet.
  1680 | D:3      | Found an iron altar of Okawaru.
  1689 | D:3      | Became a worshipper of Warmaster Okawaru
  1711 | D:3      | Reached XP level 6. HP: 41/48 MP: 6/6
  1970 | D:3      | Found a blossoming altar of Fedhas.
  2355 | D:4      | Noticed Eustachio
  2365 | D:4      | Found an opulent altar of Gozag.
  2383 | D:4      | Killed Eustachio
  2383 | D:4      | Reached skill level 4 in Armour
  2423 | D:4      | Reached * piety under Okawaru
  2813 | D:4      | Reached XP level 7. HP: 33/54 MP: 7/7
  2846 | D:4      | Found a sparkling altar of Nemelex Xobeh.
  2907 | D:4      | Noticed a moth of wrath
  2910 | D:4      | Found a bloodstained altar of Trog.
  3124 | D:4      | Got a warped short sword
  3125 | D:4      | Identified the +9 short sword of Paper {flame, rN+} (You
                  | found it on level 4 of the Dungeon)
  3201 | D:4      | Found an ornate altar of the Wu Jian Council.
  3383 | D:5      | Entered Level 5 of the Dungeon
  3398 | D:5      | Noticed a wyvern
  3401 | D:5      | Got a translucent steel ring
  3432 | D:5      | Killed a wyvern
  3572 | D:5      | Identified the ring of the Trilobite {Wiz rF+ rN+} (You
                  | found it on level 5 of the Dungeon)
  3599 | D:5      | Found a basalt altar of Yredelemnul.
  3641 | D:5      | Reached skill level 5 in Armour
  3775 | D:5      | Got a shimmering trident
  3905 | D:5      | Reached skill level 1 in Short Blades
  3915 | D:5      | Noticed Pikel
  3932 | D:5      | Mangled by Pikel

Levels and vault maps discovered:
D:1:      dpeg_arrival_windows_large_door, layout_loops_ring, st_stairs_5
D:2:      layout_loops_cross, good_gods_mini_temple, kennysheep_vampire_church
D:3:      layout_loops_cross, lemuel_round_altar, overflow_temple_1_default,
          okawaru_trees_2, first_ration
D:4:      layout_loops_ring, old_standard_altar, tgw_trog,
          nicolae_overflow_hidden_temple, nemelex_diamond_rough_becter,
          uniq_eustachio
D:5:      kennysheep_big_flooded_room, layout_loops_ring,
          yredelemnul_altar_generic, minmay_temple_entry_offerings, uniq_pikel,
          uniq_duvessa

Skill      XL: |  1  2  3  4  5  6  7 |
---------------+----------------------+-----
Long Blades    | 2 3 4 |  4.7
Shields        | 3 4 |  4.5
Dodging        | 1 2 |  2.0
Armour         | 3 4 5 |  5.1
Fighting       | 4 |  4.5
Short Blades   | 1 |  1.0
Stealth        | |  0.1

Action                   |  1- 3 |  4- 6 |  7- 9 || total
-------------------------+-------+-------+-------++-------
Melee: Long sword        |   103 |   122 |    14 ||   239
       Headbutt          |       |    19 |    16 ||    35
       Short sword       |       |       |    60 ||    60
  Use: Scroll            |     2 |     1 |     2 ||     5
  Eat: Chunk             |       |     6 |     3 ||     9
Armor: Scale mail        |    91 |    31 |       ||   122
       Chain mail        |       |    28 |    18 ||    46
Dodge: Dodged            |    45 |    38 |    17 ||   100
Block: Shield            |    92 |    62 |    28 ||   182
       Rpst.: Long sword |    15 |    12 |     1 ||    28
